AoeStats
← Kulishaak

Arabia

503442692Analyzed
1v1 RM · 1mo ago on Aug 31, 2026· 39m 31s· 2 players
Game mode
Random Map
Map size
Tiny (2 player)
Population
200
Speed
Normal
Resources
Standard
Victory
Conquest
Starting age
Dark Age
Ending age
Imperial Age
RankedLock teamsTeams togetherTeam positionsShared explorationLock speedFull tech treeHidden civsTurbo modeCheats
Victory
Defeat
🇫🇷 Spanish · France
1118
+17
🇨🇿 Armenians · Czechia
1130
-17
Sakuko
9:02 Loom
10:48 Feudal Age
15:25 Castle Age
15:31 Double-Bit Axe
15:31 Horse Collar
17:32 Padded Archer Armor
23:06 Leather Archer Armor
25:01 Leather Archer Armor
25:14 Bow Saw
26:55 Ballistics
26:33 Murder Holes
28:59 Wheelbarrow
28:30 Gold Mining
29:53 Town Watch
37:01 Imperial Age
35:37 Hand Cart
36:14 Bloodlines
36:12 Husbandry
37:20 Town Patrol
37:29 Heavy Plow
37:22 Stone Mining
37:47 Elite Conquistador
40:25 Conscription
Kulishaak
1:44 Loom
10:25 Feudal Age
10:30 Man-at-Arms
11:01 Double-Bit Axe
11:17 Horse Collar
12:26 Long Swordsman
14:01 Arson
16:01 Scale Mail Armor
18:25 Forging
19:00 Fletching
19:11 Padded Archer Armor
28:03 Castle Age
28:19 Elite Skirmisher
28:57 Bodkin Arrow
33:45 Bow Saw
34:15 Gold Mining
34:16 Stone Mining
35:31 Wheelbarrow
35:29 Gambesons
36:37 Squires
36:36 Two-Handed Swordsman
Connection lost

Rejoining the realm…

Still unreachable

The connection could not be restored.

Session expired

The server has moved on; the page needs a fresh start.